 Dungeon Crawl Stone Soup version bcrawl-1.32 (webtiles) character file.

Game seed: 14165387699792274168

113364 Morbidden the Sneak (level 5, -5/38 HPs)
             Began as a Demonspawn Archaeologist on June 20, 2021.
             Slain by a worker ant (6 damage)
             ... on level 4 of the Dungeon.
             The game lasted 00:06:27 (4385 turns).

Morbidden the Sneak (Demonspawn Archaeologist)      Turns: 4385, Time: 00:06:28

Health: -5/38      AC:  6    Str: 13    XL:     5   Next: 73%
Magic:  5/5        EV: 13    Int: 15    God:
Gold:   239        SH:  0    Dex: 11    Spells: 4/4 levels left

rFire    + + .     SeeInvis .     - Claws (7.4)
rCold    + . .     Gourm    .   (no shield)
rNeg     . . .     Faith    .   c - +1 robe
rPois    +         Spirit   .   d - +1 hat
rElec    +         Reflect  .   l - scarf {stasis}
rCorr    +         Harm     .   (no gloves)
MR       .....                  k - +1 pair of boots
Stlth    ++++++....             (no amulet)
HPRegen  0.12/turn              p - ring of protection from fire
MPRegen  0.09/turn              h - ring of stealth

@: lethally poisoned (-5 -> -6), resistant, studying Shields
A: claws 1, nightstalker 2
a: no special abilities


You were on level 4 of the Dungeon.
You were hungry.

You visited 1 branch of the dungeon, and saw 4 of its levels.

You collected 239 gold pieces.

Inventory:

Hand Weapons
 b - a +0 hunting sling
 j - a +0 blowgun
Missiles
 f - 6 curare-tipped needles
 o - 358 stones (quivered)
Armour
 c - a +1 robe (worn)
 d - a +1 hat (worn)
 k - a +1 pair of boots (worn)
 l - a scarf of stasis (worn)
Jewellery
 h - a ring of stealth (right claw)
 p - a ring of protection from fire (left claw)
Wands
 r - a wand of flame (10)
Scrolls
 a - 2 scrolls of remove curse {unknown}
 g - a scroll of magic mapping
 i - 2 scrolls of identify
 m - a scroll of amnesia {unknown}
 n - 4 scrolls of enchant weapon {unknown}
 q - 2 scrolls of teleportation {unknown}
 s - a scroll of blinking {unknown}
Potions
 t - a potion of resistance
Comestibles
 e - 5 rations {!d}


   Skills:
 * Level 2.0 Fighting
   Level 0.2 Short Blades
   Level 1.0 Maces & Flails
 + Level 1.3 Slings
 * Level 4.0 Dodging
 * Level 4.2 Stealth
 * Level 1.6 Unarmed Combat
 + Level 0.1 Evocations


You had 4 spell levels left.
You didn't know any spells.
Your spell library was empty.

Dungeon Overview and Level Annotations

Branches:
Dungeon (4/12)
 Temple: D:4-7

Altars:
Ashenzari
Cheibriados
Sif Muna
Trog
Yredelemnul
Zin

Annotations:
D:3 3 runed translucent doors, yrara's ghost, amateur DsFi


Innate Abilities, Weirdness & Mutations

You have sharp fingernails.
You are significantly more attuned to the shadows.


Message History

You hear a grinding noise.
You finish putting on your scarf of stasis.
Unknown command.
Unknown command.
A worker ant comes into view.
The worker ant closely misses you. The worker ant barely misses you.
Unknown command.
* * * LOW HITPOINT WARNING * * *
You feel sick.
You hear a grinding noise.
You see here 2 fizzy black potions.
t - 2 fizzy black potions The worker ant barely misses you.
Unknown command.
Okay, then.
It was a potion of resistance.
You feel protected. The worker ant bites you.
You die...

....# #......# #.# #..
...#.###.....#.#.# #.#
.........)..###.###[#
w....<.....#.#.#.#.#
.....#.#...#..###.## .
...#.#.#...#...#...#..
.. #.#.#....###.###...
. .............a....#
.. ..........@#.....
.....#.......#.......#
...................#
...................#
..........##...[...
#.#................
...............
........##.####
........##...


You could see a worker ant.

Vanquished Creatures
  A crimson imp (D:2)
  3 worker ants
  4 adders
  An ooze (D:4)
  2 worms (D:3)
  3 dart slugs
  5 leopard geckos
  7 orcs (D:3)
  3 bats
  2 giant cockroaches
  5 goblins
  12 hobgoblins
  A quokka (D:2)
  A frilled lizard (D:3)
  15 kobolds
  3 rats
68 creatures vanquished.

Notes
Turn   | Place    | Note
-------+----------+-------------------------------------------
     0 | D:1      | Morbidden the Demonspawn Archaeologist began the quest for
                  | the Orb.
     0 | D:1      | Reached XP level 1. HP: 15/15 MP: 1/1
   150 | D:1      | Reached skill level 1 in Maces & Flails
   311 | D:1      | Gained mutation: You are slightly more attuned to the
                  | shadows. [demonic ancestry]
   311 | D:1      | Reached XP level 2. HP: 18/21 MP: 2/2
   964 | D:2      | Noticed a crimson imp
  1040 | D:3      | Gained mutation: You have sharp fingernails. [demonic
                  | ancestry]
  1040 | D:3      | Reached XP level 3. HP: 26/26 MP: 3/3
  1090 | D:3      | HP: 1/26 [adder (5)]
  1302 | D:3      | Found a runed translucent gate.
  1302 | D:3      | Found a runed translucent gate.
  1305 | D:3      | Found a runed translucent gate.
  1307 | D:3      | Noticed yrara's ghost (amateur DsFi)
  1625 | D:3      | Gained mutation: You are significantly more attuned to the
                  | shadows. [demonic ancestry]
  1625 | D:3      | Reached XP level 4. HP: 5/32 MP: 4/4
  2947 | D:2      | Reached skill level 1 in Unarmed Combat
  3288 | D:2      | Reached XP level 5. HP: 21/37 MP: 5/5
  3288 | D:2      | Identified a scroll of acquirement
  3432 | D:2      | Found a basalt altar of Yredelemnul.
  3570 | D:4      | Found a bloodstained altar of Trog.
  3572 | D:4      | Found a shimmering blue altar of Sif Muna.
  3572 | D:4      | Found a glowing silver altar of Zin.
  3572 | D:4      | Found a shattered altar of Ashenzari.
  3575 | D:4      | Found a snail-covered altar of Cheibriados.
  3606 | D:4      | HP: 1/37 [worker ant (1)]
  3611 | D:4      | Reached skill level 1 in Slings
  3940 | D:4      | Noticed an ogre
  4378 | D:4      | HP: 1/38 [poisoned by a worker ant]
  4385 | D:4      | Slain by a worker ant

Skill      XL: |  1  2  3  4  5 |
---------------+----------------+-----
Maces & Flails | 1 |  1.0
Dodging        | 3 4 |  4.0
Stealth        | 4 |  4.2
Unarmed Combat | 1 |  1.6
Slings         | 1 |  1.3
Fighting       | 2 |  2.0
Short Blades   | |  0.2
Evocations     | |  0.1

Action                   |  1- 3 |  4- 6 || total
-------------------------+-------+-------++-------
Melee: Whip              |    25 |       ||    25
       Dagger            |    88 |       ||    88
       Unarmed           |    94 |   231 ||   325
 Fire: Hunting sling     |       |    34 ||    34
Evoke: Wand              |     8 |       ||     8
  Use: Scroll            |     1 |     1 ||     2
       Potion            |     2 |     3 ||     5
 Stab: Sleeping          |     7 |     6 ||    13
       Distracted        |       |     1 ||     1
  Eat: Chunk             |     5 |     6 ||    11
       Ration            |       |     3 ||     3
Armor: Robe              |    55 |    42 ||    97
Dodge: Dodged            |   147 |   140 ||   287
